[Event "94th Paris-ch  2019"]
[Site "Paris"]
[Date "2019.07.11"]
[Round "6.19"]
[White "Macon, Arthur"]
[Black "French, Max"]
[Result "1-0"]
[ECO "A14"]
[WhiteElo "2270"]
[BlackElo "2232"]
[Annotator "ChessBase"]
[PlyCount "132"]
[EventDate "2019.07.07"]
[EventType "swiss"]
[EventCountry "FRA"]
[SourceTitle "playchess.com"]
[Source "ChessBase"]
[SourceQuality "1"]
[TimeControl "5400+30"]

1. Nf3 Nf6 2. g3 e6 3. Bg2 d5 4. O-O Be7 5. b3 O-O 6. c4 d4 7. e3 c5 8. exd4 cxd4 9. Re1 Nc6 10. d3 Re8 11. Ba3 Bd6 12. Bxd6 Qxd6 13. a3 a5 14. Nbd2 e5 15. Ng5 h6 16. Nge4 Nxe4 17. Nxe4 Qc7 18. c5 Bd7 19. Nd6 Re7 20. b4 axb4 21. axb4 Rxa1 22. Qxa1 Nxb4 23. Qa8+ Kh7 24. Qf8 Be6 25. Ne8 Rxe8 26. Qxe8 Qxc5 27. Be4+ g6 28. Ra1 Na6 29. Bxb7 Nc7 30. Qc6 Qxc6 31. Bxc6 Kg7 32. Ra7 Nd5 33. Bxd5 Bxd5 34. Ra5 Bb7 35. Rxe5 Ba6 36. Rd5 Bxd3 37. Rxd4 Bf5 38. Kg2 Be6 39. Kf3 Kf6 40. Ke3 Bb3 41. Rb4 Ba2 42. Rb5 Bc4 43. Rc5 Bb3 44. Kd4 Be6 45. f4 Bd7 46. Kd5 Be6+ 47. Kd6 h5 48. Re5 Bf5 49. Kc7 Be6 50. Kd8 Bb3 51. Ke8 Be6 52. Kf8 Ba2 53. Re7 Bb3 54. h3 Be6 55. g4 hxg4 56. hxg4 g5 57. f5 Bc4 58. Re3 Bd5 59. Kg8 Bc6 60. Kh7 Ba4 61. Kh6 Bd1 62. Kh5 Bc2 63. Ra3 Bxf5 64. gxf5 Kxf5 65. Rf3+ Ke4 66. Rxf7 Kd5 1-0

[Event "94th Paris-ch  2019"]
[Site "Paris"]
[Date "2019.07.11"]
[Round "6.20"]
[White "Jeet, Jain"]
[Black "Lutard, Theo"]
[Result "1-0"]
[ECO "C11"]
[WhiteElo "2258"]
[BlackElo "2222"]
[Annotator "NA"]
[PlyCount "47"]
[EventDate "2019.07.07"]
[EventType "swiss"]
[EventCountry "FRA"]
[SourceTitle "playchess.com"]
[Source "ChessBase"]
[SourceQuality "1"]
[TimeControl "5400+30"]

1. e4 e6 2. d4 d5 3. Nc3 Nf6 4. e5 Nfd7 5. Nce2 c5 6. f4 Nc6 7. Nf3 b5 8. c3 b4 9. f5 exf5 10. Nf4 bxc3 11. bxc3 Rb8 12. Kf2 Nb6 13. Bb5 Bb7 14. e6 Bd6 15. Re1 a6 16. exf7+ Kxf7 17. Ne6 Qc8 18. Bxc6 Qxc6 19. dxc5 Bxc5+ 20. Nxc5 Qxc5+ 21. Be3 Qd6 22. Qd4 Nc4 23. Bf4 Qb6 24. Ng5+ 1-0

[Event "94th Paris-ch  2019"]
[Site "Paris"]
[Date "2019.07.11"]
[Round "6.21"]
[White "Materia, Marco"]
[Black "Smith, Matthieu"]
[Result "1-0"]
[ECO "E42"]
[WhiteElo "2243"]
[BlackElo "2208"]
[Annotator "NA"]
[PlyCount "49"]
[EventDate "2019.07.07"]
[EventType "swiss"]
[EventCountry "FRA"]
[SourceTitle "playchess.com"]
[Source "ChessBase"]
[SourceQuality "1"]
[TimeControl "5400+30"]

1. d4 Nf6 2. c4 e6 3. Nc3 Bb4 4. e3 c5 5. Nge2 cxd4 6. exd4 d5 7. c5 O-O 8. a3 Bxc3+ 9. Nxc3 Nc6 10. Be2 e5 11. dxe5 Nxe5 12. Be3 Be6 13. O-O Nfg4 14. Bd4 Qb8 15. f4 Nc6 16. Bxg4 Bxg4 17. Qxg4 Nxd4 18. f5 Nb3 19. f6 g6 20. Qg5 Nxc5 21. Qh6 Ne6 22. Rae1 Qc7 23. Nxd5 Qc5+ 24. Kh1 Qxd5 25. Rxe6 1-0

[Event "94th Paris-ch  2019"]
[Site "Paris"]
[Date "2019.07.11"]
[Round "6.22"]
[White "Girel, Joseph"]
[Black "Douriet Duany, Alexis"]
[Result "1-0"]
[ECO "B75"]
[WhiteElo "2215"]
[BlackElo "2247"]
[Annotator "ChessBase"]
[PlyCount "71"]
[EventDate "2019.07.07"]
[EventType "swiss"]
[EventCountry "FRA"]
[TimeControl "5400+30"]

1. e4 g6 2. d4 Bg7 3. Nc3 c5 4. Nf3 cxd4 5. Nxd4 Nc6 6. Be3 d6 7. Qd2 Bd7 8. Bc4 Rc8 9. Bb3 Nf6 10. f3 Ne5 11. O-O-O Nc4 12. Bxc4 Rxc4 13. g4 Qc8 14. h4 Bxg4 15. fxg4 Nxg4 16. Nde2 h5 17. Kb1 b5 18. Bd4 O-O 19. Bxg7 Kxg7 20. Ng3 Qe6 21. Nce2 Qe5 22. Rhg1 Rfc8 23. Nd4 Kf8 24. b3 Rc3 25. Nge2 Rh3 26. Qf4 Rxh4 27. Nf3 Qc5 28. Ned4 Ne5 29. Qh6+ Ke8 30. Nxh4 Nc4 31. bxc4 bxc4 32. Qc1 Rb8+ 33. Ka1 e5 34. c3 exd4 35. cxd4 Qb4 36. Qc2 1-0

[Event "94th Paris-ch  2019"]
[Site "Paris"]
[Date "2019.07.12"]
[Round "7.2"]
[White "Abergel, Thal"]
[Black "Albaric, Etienne"]
[Result "1-0"]
[ECO "A36"]
[WhiteElo "2450"]
[BlackElo "2225"]
[Annotator "ChessBase"]
[PlyCount "83"]
[EventDate "2019.07.07"]
[EventType "swiss"]
[EventCountry "FRA"]
[SourceTitle "playchess.com"]
[Source "ChessBase"]
[SourceQuality "1"]
[TimeControl "5400+30"]

1. Nf3 c5 2. c4 Nc6 3. Nc3 g6 4. b3 Bg7 5. Bb2 d6 6. g3 e5 7. d3 Nge7 8. Bg2 h6 9. h4 Be6 10. h5 g5 11. e4 Qd7 12. Nd5 O-O-O 13. Ne3 f5 14. Qd2 Rhg8 15. g4 fxg4 16. Nh2 g3 17. fxg3 Kb8 18. g4 Rgf8 19. Nf5 Ng8 20. Nf1 Nf6 21. N1e3 Nd4 22. O-O Nxf5 23. exf5 Bg8 24. Be4 Rfe8 25. Qg2 Bf8 26. Rae1 Bf7 27. a3 Qc7 28. Bc3 Qb6 29. Qb2 Ka8 30. Kh1 Bg7 31. Bf3 Rd7 32. a4 d5 33. cxd5 Nxd5 34. Nc4 Qa6 35. Bxe5 Rde7 36. Qa1 Bf6 37. Bxf6 Nxf6 38. Rxe7 Rxe7 39. Re1 Rxe1+ 40. Qxe1 Ng8 41. Qe5 Qf6 42. Qc7 1-0

[Event "94th Paris-ch  2019"]
[Site "Paris"]
[Date "2019.07.12"]
[Round "7.3"]
[White "Guilleux, Fabien"]
[Black "Shchekachev, Andrei"]
[Result "0-1"]
[ECO "A88"]
[WhiteElo "2442"]
[BlackElo "2531"]
[Annotator "ChessBase"]
[PlyCount "72"]
[EventDate "2019.07.07"]
[EventType "swiss"]
[EventCountry "FRA"]
[SourceTitle "playchess.com"]
[Source "ChessBase"]
[SourceQuality "1"]
[TimeControl "5400+30"]

1. Nf3 d6 2. d4 f5 3. g3 Nf6 4. Bg2 g6 5. O-O Bg7 6. c4 O-O 7. Nc3 c6 8. Bf4 Nh5 9. Be3 e5 10. dxe5 dxe5 11. Bc5 Qxd1 12. Raxd1 Re8 13. Bd6 e4 14. Nd4 Nd7 15. f3 Ne5 16. Bxe5 Bxe5 17. f4 Bh8 18. e3 Ng7 19. b3 Ne6 20. Nxe6 Bxe6 21. Na4 Rad8 22. Kf2 Kf7 23. Ke2 Ke7 24. Rxd8 Rxd8 25. Rd1 Rb8 26. Bf1 b6 27. Kd2 Bf6 28. h4 h6 29. Be2 Kf7 30. Rg1 Be7 31. Kc2 b5 32. Nc3 bxc4 33. bxc4 Bc5 34. Nd1 Rb4 35. Re1 Bxc4 36. a3 Bb3+ 0-1

[Event "94th Paris-ch  2019"]
[Site "Paris"]
[Date "2019.07.12"]
[Round "7.4"]
[White "Moksh Amit Doshi"]
[Black "Bonte, Andrei-Mihai"]
[Result "1/2-1/2"]
[ECO "D36"]
[WhiteElo "2229"]
[BlackElo "2337"]
[Annotator "NA"]
[PlyCount "108"]
[EventDate "2019.07.07"]
[EventType "swiss"]
[EventCountry "FRA"]
[SourceTitle "playchess.com"]
[Source "ChessBase"]
[SourceQuality "1"]
[TimeControl "5400+30"]

1. d4 Nf6 2. c4 e6 3. Nc3 d5 4. cxd5 exd5 5. Bg5 c6 6. e3 Be7 7. Bd3 Nbd7 8. Qc2 O-O 9. Nf3 Re8 10. O-O Nf8 11. h3 Nh5 12. Bxe7 Qxe7 13. Rab1 Nf6 14. b4 Bd7 15. Na4 Rec8 16. Rfc1 Ne8 17. Nc5 Nd6 18. Ne5 Be8 19. a4 f6 20. Nf3 b6 21. Na6 Bg6 22. Nd2 Qb7 23. Qb3 Bxd3 24. Qxd3 Ng6 25. Rc3 Ne7 26. Rbc1 Kh8 27. b5 cxb5 28. Nc7 b4 29. R3c2 Rab8 30. Na6 Rxc2 31. Rxc2 Rc8 32. Nxb4 a5 33. Na2 Rxc2 34. Qxc2 Qc6 35. Qxc6 Nxc6 36. Nc3 Nb4 37. f3 f5 38. g4 g6 39. gxf5 gxf5 40. e4 fxe4 41. fxe4 dxe4 42. Ncxe4 Nxe4 43. Nxe4 Kg7 44. Kf2 Nd5 45. Kf3 Kg6 46. Kg3 Kf5 47. Nd6+ Ke6 48. Nc4 Kf5 49. Kf3 Kg5 50. Kg3 h6 51. h4+ Kh5 52. Kh3 Nf4+ 53. Kg3 Ne2+ 54. Kh3 Nxd4 1/2-1/2

[Event "94th Paris-ch  2019"]
[Site "Paris"]
[Date "2019.07.12"]
[Round "7.6"]
[White "Flom, Gabriel"]
[Black "Anand Nadar"]
[Result "1/2-1/2"]
[ECO "A45"]
[WhiteElo "2494"]
[BlackElo "2358"]
[Annotator "ChessBase"]
[PlyCount "134"]
[EventDate "2019.07.07"]
[EventType "swiss"]
[EventCountry "FRA"]
[SourceTitle "playchess.com"]
[Source "ChessBase"]
[SourceQuality "1"]
[TimeControl "5400+30"]

1. d4 Nf6 2. Bg5 e6 3. e4 c5 4. d5 h6 5. Bxf6 Qxf6 6. c3 a6 7. a4 d6 8. Nf3 Nd7 9. Na3 e5 10. Bd3 Be7 11. O-O Rb8 12. a5 O-O 13. Nc4 g6 14. Qc2 Re8 15. Ra3 Nf8 16. Rb3 Bd8 17. Nb6 Bxb6 18. Rxb6 Nd7 19. Rb3 Qd8 20. Ra1 Qc7 21. Nd2 Qd8 22. Nc4 Qe7 23. g3 Kg7 24. Qd2 Rf8 25. Ne3 Nf6 26. f3 Bh3 27. Nd1 Rbd8 28. Nf2 Bc8 29. Rba3 Qc7 30. b4 Bd7 31. bxc5 Qxc5 32. Rb3 Bc8 33. Bf1 Nd7 34. c4 Qc7 35. Qb4 Nc5 36. Rc3 f5 37. exf5 gxf5 38. Nd3 Rde8 39. Nxc5 dxc5 40. Qb6 Qxb6 41. axb6 Bd7 42. Ra5 Rc8 43. Re3 Kf6 44. f4 e4 45. g4 Rg8 46. Be2 fxg4 47. Rxe4 g3 48. h4 Rge8 49. Rxe8 Rxe8 50. Bf3 Bh3 51. Ra1 Re3 52. Bg2 Bxg2 53. Kxg2 Rc3 54. Rd1 Rxc4 55. Kxg3 a5 56. Re1 a4 57. Re6+ Kf5 58. Re7 a3 59. Rxb7 Rc3+ 60. Kf2 a2 61. Ra7 Rb3 62. Rxa2 Rxb6 63. Rc2 Kxf4 64. Rxc5 Rd6 65. Rc6 Ke5 66. Kf3 Kxd5 67. Rxd6+ Ke5 1/2-1/2

[Event "94th Paris-ch  2019"]
[Site "Paris"]
[Date "2019.07.12"]
[Round "7.7"]
[White "Stephan, Victor"]
[Black "Sochacki, Christophe"]
[Result "1/2-1/2"]
[ECO "E32"]
[WhiteElo "2358"]
[BlackElo "2481"]
[Annotator "ChessBase"]
[PlyCount "42"]
[EventDate "2019.07.07"]
[EventType "swiss"]
[EventCountry "FRA"]
[SourceTitle "playchess.com"]
[Source "ChessBase"]
[SourceQuality "1"]
[TimeControl "5400+30"]

1. d4 Nf6 2. c4 e6 3. Nc3 Bb4 4. Qc2 O-O 5. Nf3 d5 6. cxd5 exd5 7. Bf4 Ne4 8. e3 Bf5 9. Bd3 c5 10. dxc5 Nd7 11. Nd4 Bg6 12. Nb3 Rc8 13. O-O Ndxc5 14. Nxc5 Rxc5 15. Be5 Qa5 16. Bd4 Rc6 17. Bxe4 dxe4 18. Qb3 Bf5 19. a3 Bxc3 20. Bxc3 Qc7 21. Qd5 Qd7 1/2-1/2

[Event "94th Paris-ch  2019"]
[Site "Paris"]
[Date "2019.07.12"]
[Round "7.9"]
[White "Akshat, Khamparia"]
[Black "Lux, Hugo de Melo"]
[Result "1/2-1/2"]
[ECO "E32"]
[WhiteElo "2398"]
[BlackElo "2231"]
[Annotator "NA"]
[PlyCount "47"]
[EventDate "2019.07.07"]
[EventType "swiss"]
[EventCountry "FRA"]
[SourceTitle "playchess.com"]
[Source "ChessBase"]
[SourceQuality "1"]
[TimeControl "5400+30"]

1. d4 Nf6 2. c4 e6 3. Nc3 Bb4 4. Qc2 b6 5. e4 c5 6. d5 Qe7 7. Nge2 exd5 8. exd5 O-O 9. Bd2 d6 10. O-O-O Ng4 11. Be1 Qg5+ 12. Qd2 Qxd2+ 13. Kxd2 Ba6 14. a3 Ba5 15. Rb1 b5 16. cxb5 Bb7 17. h3 Nf6 18. Kc2 Nbd7 19. Ng3 Bc7 20. Rd1 Nb6 21. Be2 Rae8 22. Bf3 Re5 23. Bd2 Nbxd5 24. Nxd5 1/2-1/2

[Event "94th Paris-ch  2019"]
[Site "Paris"]
[Date "2019.07.12"]
[Round "7.11"]
[White "Ojas Kulkarni"]
[Black "Bergez, Luc"]
[Result "1/2-1/2"]
[ECO "A21"]
[WhiteElo "2251"]
[BlackElo "2308"]
[Annotator "ChessBase"]
[PlyCount "127"]
[EventDate "2019.07.07"]
[EventType "swiss"]
[EventCountry "FRA"]
[SourceTitle "playchess.com"]
[Source "ChessBase"]
[SourceQuality "1"]
[TimeControl "5400+30"]

1. c4 e5 2. g3 d6 3. Bg2 f5 4. Nc3 Nf6 5. d3 Be7 6. e4 O-O 7. Nge2 Na6 8. O-O c6 9. b3 Qe8 10. exf5 Bxf5 11. Ne4 Qg6 12. N2c3 Nc7 13. Ba3 Rad8 14. Qd2 Ne6 15. Rae1 Kh8 16. Qe3 Nd4 17. Qd2 Ne6 18. Qe3 Ng8 19. Ne2 Ng5 20. Nxg5 Bxg5 21. f4 Bh6 22. d4 Rfe8 23. Qf2 Bd3 24. dxe5 dxe5 25. fxe5 Rxe5 26. Nf4 Bxf4 27. Qxf4 Rf5 28. Qc7 Re8 29. Rxe8 Rxf1+ 30. Bxf1 Qxe8 31. Bxd3 Qe3+ 32. Kg2 Qxd3 33. Qxb7 Qc2+ 34. Kh3 Qf5+ 35. Kg2 Qc2+ 36. Kh3 Qxa2 37. Bc5 Qb1 38. Qxc6 Qf1+ 39. Kh4 Qe2 40. h3 h6 41. Qg6 Qe5 42. Bd6 Qd4+ 43. Bf4 Nf6 44. c5 Qxc5 45. Bxh6 Qb4+ 46. Bf4 Qxb3 47. Qf5 Qc4 48. Qe5 a6 49. Kg5 Qf7 50. Kh4 Nd5 51. Kg4 a5 52. Qb8+ Kh7 53. Qb1+ Qg6+ 54. Qxg6+ Kxg6 55. Be5 a4 56. h4 Ne3+ 57. Kf3 Nc2 58. g4 a3 59. h5+ Kh7 60. g5 a2 61. g6+ Kg8 62. Kg4 a1=Q 63. Bxa1 Nxa1 64. Kg5 1/2-1/2

[Event "94th Paris-ch  2019"]
[Site "Paris"]
[Date "2019.07.12"]
[Round "7.12"]
[White "Dutreuil, Raphael"]
[Black "Le Goff, Ronan"]
[Result "1/2-1/2"]
[ECO "A29"]
[WhiteElo "2302"]
[BlackElo "2281"]
[Annotator "NA"]
[PlyCount "42"]
[EventDate "2019.07.07"]
[EventType "swiss"]
[EventCountry "FRA"]
[SourceTitle "playchess.com"]
[Source "ChessBase"]
[SourceQuality "1"]
[TimeControl "5400+30"]

1. c4 e5 2. g3 Nf6 3. Bg2 d5 4. cxd5 Nxd5 5. Nc3 Nb6 6. Nf3 Nc6 7. Rb1 a5 8. O-O Be7 9. d3 O-O 10. Be3 Be6 11. d4 exd4 12. Nxd4 Nxd4 13. Bxd4 c6 14. f4 f5 15. e4 a4 16. Bh3 Nc4 17. exf5 Bxf5 18. Bxf5 Rxf5 19. Qd3 Qxd4+ 20. Qxd4 Bc5 21. Rfd1 Bxd4+ 1/2-1/2

[Event "94th Paris-ch  2019"]
[Site "Paris"]
[Date "2019.07.12"]
[Round "7.14"]
[White "O`Sullivan, Thomas"]
[Black "Vardaan Nagpal"]
[Result "1/2-1/2"]
[ECO "D10"]
[WhiteElo "2291"]
[BlackElo "2355"]
[Annotator "ChessBase"]
[PlyCount "92"]
[EventDate "2019.07.07"]
[EventType "swiss"]
[EventCountry "FRA"]
[SourceTitle "playchess.com"]
[Source "ChessBase"]
[SourceQuality "1"]
[TimeControl "5400+30"]

1. d4 d5 2. c4 c6 3. Nc3 dxc4 4. e3 b5 5. a4 b4 6. Ne4 Qd5 7. Nd2 c3 8. bxc3 bxc3 9. Ndf3 e6 10. Bd3 Qa5 11. Qe2 Nd7 12. Qc2 Ngf6 13. Ne2 Bb4 14. Ba3 c5 15. dxc5 Nxc5 16. Bb5+ Bd7 17. Bxb4 Qxb4 18. Qxc3 Qxc3+ 19. Nxc3 O-O 20. Ke2 Rfc8 21. Bxd7 Nfxd7 22. Rhb1 h6 23. Rb2 Nf6 24. Nd2 Rd8 25. Nb3 Rac8 26. Nxc5 Rxc5 27. Nb5 a6 28. Nd4 Rdc8 29. f3 Nd5 30. Ra3 g6 31. Kf2 Nc3 32. Ra1 Rd5 33. Rd2 Rc4 34. a5 Rb4 35. Ke1 Rc5 36. Rc1 Na4 37. Rxc5 Nxc5 38. Rc2 Nb7 39. Rc8+ Kg7 40. Rb8 e5 41. Nc6 Rb3 42. Kd2 Nxa5 43. Rxb3 Nxb3+ 44. Kc3 Nc5 45. h3 Kf6 46. Nxe5 Kg7 1/2-1/2

[Event "94th Paris-ch  2019"]
[Site "Paris"]
[Date "2019.07.12"]
[Round "7.15"]
[White "Tomasi, Albert"]
[Black "Eden, James"]
[Result "1-0"]
[ECO "B61"]
[WhiteElo "2300"]
[BlackElo "2343"]
[Annotator "ChessBase"]
[PlyCount "123"]
[EventDate "2019.07.07"]
[EventType "swiss"]
[EventCountry "FRA"]
[SourceTitle "playchess.com"]
[Source "ChessBase"]
[SourceQuality "1"]
[TimeControl "5400+30"]

1. e4 c5 2. Nf3 d6 3. d4 cxd4 4. Nxd4 Nf6 5. Nc3 Nc6 6. Bg5 Bd7 7. Qd2 Rc8 8. f4 Nxd4 9. Qxd4 Qa5 10. e5 dxe5 11. fxe5 e6 12. O-O-O Bc6 13. Bb5 Bxb5 14. exf6 Bc6 15. h4 Bc5 16. Qf4 g6 17. h5 gxh5 18. Rxh5 Bb4 19. Bh4 Qxh5 20. Qxb4 Qh6+ 21. Kb1 Qf8 22. Qd4 Rg8 23. g4 b6 24. b4 Rg6 25. b5 Qc5 26. bxc6 Qxd4 27. Rxd4 Rxc6 28. Nb5 e5 29. Re4 Kd7 30. Nxa7 Rc5 31. Bf2 Rd5 32. Bxb6 Rxf6 33. Be3 Rf1+ 34. Kb2 Re1 35. a4 h5 36. gxh5 f5 37. Rh4 Rxe3 38. h6 Rd4 39. Rh5 Rb4+ 40. Kc1 Rb8 41. Rxf5 Ke6 42. Rh5 Rc3 43. Nb5 Rc4 44. h7 Rh8 45. a5 Rc5 46. Rh6+ Kd5 47. Nd6 Rc6 48. c4+ Kd4 49. Rh4+ Kd3 50. Nf7 Rxh7 51. Nxe5+ Kc3 52. Rxh7 Rc5 53. Rh3+ Kd4 54. Rh4+ Kc3 55. Re4 Kb3 56. Re3+ Ka2 57. Kc2 Rxa5 58. Nc6 Ra4 59. Rc3 Ra8 60. Nb4+ Ka1 61. c5 Ra5 62. Kb3 1-0

[Event "94th Paris-ch  2019"]
[Site "Paris"]
[Date "2019.07.12"]
[Round "7.16"]
[White "Manoeuvre, Antoine"]
[Black "Jeet, Jain"]
[Result "1/2-1/2"]
[ECO "D55"]
[WhiteElo "2325"]
[BlackElo "2258"]
[Annotator "NA"]
[PlyCount "45"]
[EventDate "2019.07.07"]
[EventType "swiss"]
[EventCountry "FRA"]
[SourceTitle "playchess.com"]
[Source "ChessBase"]
[SourceQuality "1"]
[TimeControl "5400+30"]

1. d4 d5 2. c4 e6 3. Nc3 Be7 4. Nf3 Nf6 5. cxd5 exd5 6. Bg5 h6 7. Bh4 Nbd7 8. e3 O-O 9. Qc2 b6 10. Bd3 Bb7 11. O-O c5 12. Ne5 c4 13. Be2 a6 14. Bf3 b5 15. Qf5 g6 16. Nxg6 fxg6 17. Qxg6+ Kh8 18. Qxh6+ Kg8 19. Qg6+ Kh8 20. Qh6+ Kg8 21. Qg6+ Kh8 22. Qh6+ Nh7 23. Bxd5 1/2-1/2

[Event "94th Paris-ch  2019"]
[Site "Paris"]
[Date "2019.07.12"]
[Round "7.18"]
[White "Gervasio, Ricardo"]
[Black "Hingouet, Matthieu"]
[Result "1/2-1/2"]
[ECO "E47"]
[WhiteElo "2223"]
[BlackElo "2245"]
[Annotator "ChessBase"]
[PlyCount "121"]
[EventDate "2019.07.07"]
[EventType "swiss"]
[EventCountry "FRA"]
[SourceTitle "playchess.com"]
[Source "ChessBase"]
[SourceQuality "1"]
[TimeControl "5400+30"]

1. d4 Nf6 2. c4 e6 3. Nc3 Bb4 4. e3 O-O 5. Bd3 d6 6. Nge2 e5 7. O-O Re8 8. f3 c6 9. Qc2 Nbd7 10. Bd2 Nf8 11. Rad1 Qe7 12. a3 Ba5 13. b4 Bc7 14. Ng3 a6 15. Rfe1 b5 16. d5 cxd5 17. cxd5 Bb6 18. Kh1 g6 19. Rf1 h5 20. Nge2 Bb7 21. e4 N8h7 22. Ng1 h4 23. Nh3 Bc8 24. Ng5 Nh5 25. Qc1 f6 26. Ne6 Nf8 27. Nxf8 Qxf8 28. Be3 Bxe3 29. Qxe3 Nf4 30. Rc1 Bd7 31. Rc2 Rec8 32. Rfc1 Nxd3 33. Qxd3 Rc4 34. Nd1 Rxc2 35. Rxc2 Rc8 36. Ne3 Rxc2 37. Qxc2 Qb8 38. Qf2 Qc7 39. Qd2 Kg7 40. Kg1 Qc8 41. g4 g5 42. Qc2 Qb7 43. Qc3 Kf7 44. Kg2 Qa7 45. Nd1 Ke7 46. Nf2 Qb6 47. Kf1 Qa7 48. Ke2 Qb6 49. Kf1 Qa7 50. Nd1 Qb6 51. Ne3 Qa7 52. Nc2 Qb6 53. Na1 Kf7 54. Nb3 Ke7 55. Na5 Ke8 56. Nb3 Ke7 57. Nc1 Qa7 58. Ne2 Qb6 59. Ke1 Qa7 60. Kf1 Qb6 61. Ke1 1/2-1/2

[Event "94th Paris-ch  2019"]
[Site "Paris"]
[Date "2019.07.12"]
[Round "7.20"]
[White "Lutard, Theo"]
[Black "Douriet Duany, Alexis"]
[Result "1-0"]
[ECO "B06"]
[WhiteElo "2222"]
[BlackElo "2247"]
[Annotator "ChessBase"]
[PlyCount "87"]
[EventDate "2019.07.07"]
[EventType "swiss"]
[EventCountry "FRA"]
[SourceTitle "playchess.com"]
[Source "ChessBase"]
[SourceQuality "1"]
[TimeControl "5400+30"]

1. e4 g6 2. d4 Bg7 3. Nc3 c5 4. dxc5 Bxc3+ 5. bxc3 Qa5 6. Qd4 Nf6 7. Bd2 Nc6 8. Qe3 b6 9. cxb6 axb6 10. Nf3 O-O 11. Bd3 Qc5 12. O-O d6 13. Rfb1 Ng4 14. Qe2 Nce5 15. Rb5 Qc7 16. Nxe5 Nxe5 17. f4 Bg4 18. Qf1 Nd7 19. f5 gxf5 20. exf5 Ra4 21. h3 Bh5 22. g4 Bxg4 23. hxg4 Rxg4+ 24. Kf2 Kh8 25. Rb4 Ne5 26. Qh3 Rfg8 27. Rxg4 Nxg4+ 28. Ke2 Qc5 29. Rf1 Nf6 30. Rf2 Qd5 31. c4 Qd4 32. Be3 Qe5 33. Rg2 Rxg2+ 34. Qxg2 h5 35. Qg5 Qh2+ 36. Ke1 Ng4 37. Qxe7 Qg3+ 38. Kd2 Qg2+ 39. Kc3 Nxe3 40. Qxe3 Kg7 41. Qf4 f6 42. Qxd6 Qg5 43. Qe7+ Kh6 44. Qd6 1-0

[Event "94th Paris-ch  2019"]
[Site "Paris"]
[Date "2019.07.12"]
[Round "7.21"]
[White "Smith, Matthieu"]
[Black "Girel, Joseph"]
[Result "1-0"]
[ECO "E14"]
[WhiteElo "2208"]
[BlackElo "2215"]
[Annotator "ChessBase"]
[PlyCount "135"]
[EventDate "2019.07.07"]
[EventType "swiss"]
[EventCountry "FRA"]
[SourceTitle "playchess.com"]
[Source "ChessBase"]
[SourceQuality "1"]
[TimeControl "5400+30"]

1. d4 Nf6 2. Nf3 e6 3. e3 b6 4. Bd3 Bb7 5. O-O c5 6. c4 Be7 7. Nc3 O-O 8. d5 exd5 9. cxd5 d6 10. e4 a6 11. a4 Nbd7 12. h3 Ne8 13. Bf4 Bf6 14. Re1 Ne5 15. Bf1 g6 16. Rb1 Rc8 17. Re3 Bg7 18. Nxe5 dxe5 19. Bh2 Nd6 20. b4 c4 21. b5 a5 22. Re1 Qc7 23. Kh1 Rce8 24. Qd2 f5 25. f3 f4 26. Rbc1 g5 27. Rc2 g4 28. fxg4 f3 29. g3 Bf6 30. Bg1 Bd8 31. Qd1 Qf7 32. Rf2 h5 33. gxh5 Bc8 34. Re3 Qxh5 35. Rexf3 Rxf3 36. Qxf3 Qg6 37. Bg2 Nf7 38. g4 Kg7 39. Bh2 Bh4 40. Bg3 Bf6 41. Bh2 Bh4 42. Rd2 Qh6 43. Qe2 Bg5 44. Rd1 Nd6 45. Bg1 Bd8 46. Be3 Qg6 47. Rf1 Rh8 48. Kg1 Bd7 49. Rf3 Re8 50. Qf2 Nf7 51. Rf5 Bxf5 52. exf5 Qd6 53. Ne4 Qxd5 54. f6+ Kf8 55. g5 Qd1+ 56. Kh2 Qh5 57. Bf3 Qg6 58. h4 Qf5 59. Qg2 c3 60. Bg4 Qh7 61. Kg3 Nh8 62. h5 Qf7 63. Nd6 Qb3 64. Qb7 Nf7 65. g6 c2 66. Qxf7+ Qxf7 67. gxf7 Re6 68. Bh6# 1-0

[Event "94th Paris-ch  2019"]
[Site "Paris"]
[Date "2019.07.13"]
[Round "8.3"]
[White "Chalmeta Ugas, Ramon"]
[Black "Bonte, Andrei-Mihai"]
[Result "1/2-1/2"]
[ECO "B31"]
[WhiteElo "2232"]
[BlackElo "2337"]
[Annotator "ChessBase"]
[PlyCount "91"]
[EventDate "2019.07.07"]
[EventType "swiss"]
[EventCountry "FRA"]
[SourceTitle "playchess.com"]
[Source "ChessBase"]
[SourceQuality "1"]
[TimeControl "5400+30"]

1. e4 c5 2. Nf3 Nc6 3. Bb5 g6 4. Bxc6 bxc6 5. c3 Nf6 6. d3 Bg7 7. O-O O-O 8. Re1 d6 9. h3 Rb8 10. Nbd2 e5 11. Qc2 Nh5 12. d4 cxd4 13. cxd4 exd4 14. Qxc6 Nf4 15. Nc4 Nd3 16. Rd1 Ne5 17. Qxd6 Nxf3+ 18. gxf3 Qxd6 19. Nxd6 Bxh3 20. b3 Be6 21. Ba3 Rfd8 22. Rac1 Rb6 23. Nc4 Ra6 24. Rd3 Rc8 25. Bb2 Rxa2 26. Bxd4 Bxd4 27. Rxd4 a5 28. Rb1 a4 29. Nb6 Rcc2 30. Rxa4 Rxf2 31. Rxa2 Rxa2 32. b4 Ra6 33. Nd5 Bxd5 34. exd5 Kf8 35. b5 Rb6 36. Kf2 Ke7 37. Ke3 Kd6 38. Kd4 Rb7 39. b6 h5 40. f4 f6 41. Rg1 Rxb6 42. Rxg6 Rb4+ 43. Ke3 Kxd5 44. Rxf6 Rb3+ 45. Kf2 Ke4 46. Rh6 {[%emt 0:05:57] Ke5} 1/2-1/2

[Event "94th Paris-ch  2019"]
[Site "Paris"]
[Date "2019.07.13"]
[Round "8.4"]
[White "Albaric, Etienne"]
[Black "Moksh Amit Doshi"]
[Result "0-1"]
[ECO "B51"]
[WhiteElo "2225"]
[BlackElo "2229"]
[Annotator "ChessBase"]
[PlyCount "105"]
[EventDate "2019.07.07"]
[EventType "swiss"]
[EventCountry "FRA"]
[SourceTitle "playchess.com"]
[Source "ChessBase"]
[SourceQuality "1"]
[TimeControl "5400+30"]

1. e4 c5 2. Nf3 d6 3. Bb5+ Nd7 4. O-O a6 5. Bd3 Ngf6 6. c3 b5 7. Bc2 Bb7 8. Re1 c4 9. b4 e5 10. d4 cxd3 11. Bxd3 Be7 12. a4 O-O 13. Nbd2 Qb6 14. Qe2 Bc6 15. Nb3 d5 16. exd5 Bxd5 17. Bc2 bxa4 18. Na5 Rfc8 19. Be3 Qb8 20. Rec1 e4 21. Nd4 Rxc3 22. Rxa4 Nb6 23. Raa1 Bxb4 24. Bd2 Bxa5 25. Rxa5 Rc8 26. Nf5 Qe5 27. Ne3 Qe6 28. Rb1 Nc4 29. Nxc4 Bxc4 30. Qe3 Rab8 31. Rxb8 Rxb8 32. Bc3 Bd3 33. Bxd3 exd3 34. Qxd3 Qb3 35. h3 Ne8 36. Qd4 Rc8 37. Re5 f6 38. Re3 Qb5 39. Rg3 Qb1+ 40. Kh2 Qb7 41. h4 Qf7 42. Qb6 Rc4 43. Qxa6 Rxh4+ 44. Kg1 Qh5 45. Qe6+ Kh8 46. f3 Qc5+ 47. Kf1 Rh1+ 48. Ke2 Qb5+ 49. Kd2 Rf1 50. Bd4 Qb4+ 51. Bc3 Qb5 52. Bd4 Qa4 53. Ke2 0-1

[Event "94th Paris-ch  2019"]
[Site "Paris"]
[Date "2019.07.13"]
[Round "8.8"]
[White "Anand Nadar"]
[Black "Samoun, Florent"]
[Result "1-0"]
[ECO "E16"]
[WhiteElo "2358"]
[BlackElo "2230"]
[Annotator "ChessBase"]
[PlyCount "121"]
[EventDate "2019.07.07"]
[EventType "swiss"]
[EventCountry "FRA"]
[SourceTitle "playchess.com"]
[Source "ChessBase"]
[SourceQuality "1"]
[TimeControl "5400+30"]

1. Nf3 e6 2. c4 Nf6 3. g3 b6 4. Bg2 Bb7 5. d4 c5 6. d5 exd5 7. Nh4 g6 8. Nc3 Bg7 9. cxd5 O-O 10. O-O a6 11. a4 d6 12. Nf3 Nbd7 13. Nd2 b5 14. axb5 axb5 15. Rxa8 Qxa8 16. Nxb5 Nxd5 17. Nc4 N7f6 18. Nbxd6 Bc6 19. Ne5 Nb4 20. Nxc6 Nxc6 21. Qc2 Nd4 22. Qxc5 Nxe2+ 23. Kh1 Qa2 24. b4 Nxc1 25. Rxc1 h5 26. Bf3 Qb2 27. Rc2 Qb1+ 28. Rc1 Qb2 29. Rf1 Nd7 30. Qb5 Ne5 31. Nc4 Nxc4 32. Qxc4 Rb8 33. Bd5 Rxb4 34. Bxf7+ Kh7 35. Qc6 Qf6 36. Qxf6 Bxf6 37. Rd1 Rd4 38. Rc1 Rd2 39. f4 Rd7 40. Bb3 Kg7 41. Kg2 h4 42. Rc5 hxg3 43. hxg3 Be7 44. Rc8 Bd8 45. Rc5 Be7 46. Rb5 Bd8 47. Kh3 Bf6 48. Kg4 Bd8 49. Bc2 Rc7 50. Rb8 Rxc2 51. Rxd8 Rc5 52. Re8 Rc3 53. Kh4 Kf6 54. Rf8+ Kg7 55. Rb8 Rc5 56. Rb7+ Kf6 57. Rb6+ Kf7 58. Kg4 Ra5 59. Rb1 Kf6 60. Re1 g5 61. Re5 1-0